| TOP OF THE 1ST |
|
New York Yankees batting - Pitching for Chicago White Sox : RHP Pete Vuckovich
|
|
Pitching: RHP Pete Vuckovich
|
|
|
Batting: SHB Tim Raines
|
0-0: Ball 1-0: Ball 2-0: Ground out 4-3 (Groundball, 4S, EV 85.6 MPH)
|
|
Batting: SHB Willie Wilson
|
0-0: SINGLE (Groundball, 6M, EV 94.4 MPH)
|
|
Batting: LHB Kent Hrbek
|
0-0: Ball 1-0: Ball 2-0: Fly out, F7 (Flyball, 7, EV 79.4 MPH)
|
|
Batting: LHB George Kaage
|
0-0: Ball 1-0: Foul Ball, location: 2F 1-1: Ball 2-1: Ball 3-1: Called Strike 3-2: Fly out, F9 (Flyball, 9D, EV 98.1 MPH)
|
| Top of the 1st over - 0 runs, 1 hit, 0 errors, 1 left on base; New York 0 - Chicago 0 |
| BOTTOM OF THE 1ST |
|
Chicago White Sox batting - Pitching for New York Yankees : LHP Rick Honeycutt
|
|
Pitching: LHP Rick Honeycutt
|
|
|
Batting: SHB Ozzie Smith
|
0-0: Ball 1-0: Ball 2-0: Foul Ball, location: 2F 2-1: Swinging Strike 2-2: Foul Ball, location: 2F 2-2: Ground out 5-3 (Groundball, 56S, EV 65.6 MPH)
|
|
Batting: SHB Wayne Tolleson
|
0-0: Swinging Strike 0-1: Foul Ball, location: 2F 0-2: Ball 1-2: Fly out, F8 (Flyball, 89D, EV 85.6 MPH)
|
|
Batting: RHB Mike Heath
|
0-0: Fly out, F8 (Flyball, 78D, EV 98.8 MPH)
|
| Bottom of the 1st over - 0 runs, 0 hits, 0 errors, 0 left on base; New York 0 - Chicago 0 |
| TOP OF THE 2ND |
|
New York Yankees batting - Pitching for Chicago White Sox : RHP Pete Vuckovich
|
|
Batting: RHB David Hall
|
0-0: Fly out, F7 (Flyball, 7D, EV 93.8 MPH)
|
|
Batting: LHB Mario Cabrera
|
0-0: Ball 1-0: Foul Ball, location: 2F 1-1: Called Strike 1-2: Fly out, F8 (Flyball, 8LD, EV 105.0 MPH)
|
|
Batting: RHB Vic Rodriguez
|
0-0: Called Strike 0-1: Ball 1-1: Ball 2-1: Swinging Strike 2-2: Fly out, F7 (Flyball, 7, EV 90.0 MPH)
|
| Top of the 2nd over - 0 runs, 0 hits, 0 errors, 0 left on base; New York 0 - Chicago 0 |
| BOTTOM OF THE 2ND |
|
Chicago White Sox batting - Pitching for New York Yankees : LHP Rick Honeycutt
|
|
Batting: LHB Mitchell Page
|
0-0: Ball 1-0: Called Strike 1-1: Ball 2-1: SINGLE (Flyball, 3D, EV 88.1 MPH)
|
|
Batting: RHB Kevin McReynolds
|
0-0: Called Strike 0-1: SINGLE (Groundball, 6MD, EV 101.9 MPH) Mitchell Page to second Runner from 2nd tries for 3rd, SAFE, throw by CF made to third Kevin McReynolds to second
|
|
Batting: RHB Tim Teufel
|
0-0: Foul Ball, location: 2F 0-1: Ball 1-1: Ground out 4-3 (Groundball, 4, EV 99.4 MPH) Mitchell Page scores Kevin McReynolds to third
|
|
Batting: RHB Mike A Marshall
|
0-0: Foul Ball, location: 2F 0-1: Ball 1-1: Ground out 5-3 (Groundball, 56S, EV 63.8 MPH) Kevin McReynolds scores
|
|
Batting: RHB Jim Wynn
|
0-0: Foul Ball, location: 2F 0-1: Foul Ball, location: 2F 0-2: Foul Ball, location: 2F 0-2: Ball 1-2: Ball 2-2: Ball 3-2: Fly out, F8 (Flyball, 78M, EV 86.9 MPH)
|
| Bottom of the 2nd over - 2 runs, 2 hits, 0 errors, 0 left on base; New York 0 - Chicago 2 |
| TOP OF THE 3RD |
|
New York Yankees batting - Pitching for Chicago White Sox : RHP Pete Vuckovich
|
|
Batting: RHB Emanuel Cortez
|
0-0: Foul Ball, location: 2F 0-1: Ball 1-1: DOUBLE (Flyball, 8RXD, EV 95.0 MPH)
|
|
Batting: LHB Tim Norrid
|
0-0: Ball 1-0: Fly out, F8 (Flyball, 8LD, EV 96.3 MPH)
|
|
Batting: SHB Tim Raines
|
0-0: Ball 1-0: Foul Ball, location: 2F 1-1: Ball 2-1: Foul Ball, location: 2F 2-2: Strikes out swinging
|
|
Batting: SHB Willie Wilson
|
0-0: Ground out 4-3 (Groundball, 4, EV 89.4 MPH)
|
| Top of the 3rd over - 0 runs, 1 hit, 0 errors, 1 left on base; New York 0 - Chicago 2 |
| BOTTOM OF THE 3RD |
|
Chicago White Sox batting - Pitching for New York Yankees : LHP Rick Honeycutt
|
|
Batting: RHB Brian Harper
|
0-0: Called Strike 0-1: Ball 1-1: Foul Ball, location: 2F 1-2: Strikes out looking
|
|
Batting: SHB Ozzie Smith
|
0-0: Foul Ball, location: 2F 0-1: Ball 1-1: Swinging Strike 1-2: Reached on error, E6 (Groundball, 6, EV 91.9 MPH)
|
|
Batting: SHB Wayne Tolleson
|
0-0: Ball 1-0: Ball 2-0: Grounds into double play, 6-4-3 (Groundball, 6, EV 81.3 MPH)
|
| Bottom of the 3rd over - 0 runs, 0 hits, 1 error, 0 left on base; New York 0 - Chicago 2 |
| TOP OF THE 4TH |
|
New York Yankees batting - Pitching for Chicago White Sox : RHP Pete Vuckovich
|
|
Batting: LHB Kent Hrbek
|
0-0: Called Strike 0-1: Ball 1-1: Swinging Strike 1-2: Strikes out swinging
|
|
Batting: LHB George Kaage
|
0-0: Ball 1-0: Foul Ball, location: 2F 1-1: DOUBLE (Line Drive, 7LS, EV 104.4 MPH)
|
|
Batting: RHB David Hall
|
0-0: Swinging Strike 0-1: Ball 1-1: Ball 2-1: Ball 3-1: Swinging Strike 3-2: Strikes out looking
|
|
Batting: LHB Mario Cabrera
|
0-0: Ball 1-0: Foul Ball, location: 2F 1-1: Fly out, F7 (Flyball, 7LS, EV 87.5 MPH)
|
| Top of the 4th over - 0 runs, 1 hit, 0 errors, 1 left on base; New York 0 - Chicago 2 |
| BOTTOM OF THE 4TH |
|
Chicago White Sox batting - Pitching for New York Yankees : LHP Rick Honeycutt
|
|
Batting: RHB Mike Heath
|
0-0: Called Strike 0-1: Ball 1-1: Swinging Strike 1-2: Foul Ball, location: 2F 1-2: Ball 2-2: Foul Ball, location: 2F 2-2: Strikes out looking
|
|
Batting: LHB Mitchell Page
|
0-0: Called Strike 0-1: Ball 1-1: DOUBLE (Line Drive, 3D, EV 105.0 MPH)
|
|
Batting: RHB Kevin McReynolds
|
0-0: Called Strike 0-1: SINGLE (Line Drive, 7S, EV 100.6 MPH) Mitchell Page to third Runner from 3rd tries for Home, SAFE, throw by LF to home
|
|
Batting: RHB Tim Teufel
|
0-0: Foul Ball, location: 2F 0-1: Swinging Strike 0-2: Strikes out looking
|
|
Batting: RHB Mike A Marshall
|
0-0: Called Strike 0-1: Fielders Choice at 2nd, 6-4 (Groundball, 56, EV 80.6 MPH)
|
| Bottom of the 4th over - 1 run, 2 hits, 0 errors, 1 left on base; New York 0 - Chicago 3 |
| TOP OF THE 5TH |
|
New York Yankees batting - Pitching for Chicago White Sox : RHP Pete Vuckovich
|
|
Batting: RHB Vic Rodriguez
|
0-0: Called Strike 0-1: Ball 1-1: Foul Ball, location: 2F 1-2: Reached on error, E6 (Groundball, 6, EV 87.5 MPH)
|
|
Batting: RHB Emanuel Cortez
|
0-0: Ball 1-0: Foul Ball, location: 2F 1-1: Ball 2-1: Swinging Strike 2-2: Ball 3-2: Base on Balls
|
|
Batting: LHB Tim Norrid
|
0-0: Ball 1-0: Ball 2-0: Ball 3-0: Called Strike 3-1: Fly out, F6 (Flyball, 6MD, EV 86.9 MPH)
|
|
Batting: SHB Tim Raines
|
0-0: Ball 1-0: Called Strike 1-1: Fly out, F6 (Popup, 6M, EV 63.8 MPH)
|
|
Batting: SHB Willie Wilson
|
0-0: Called Strike 0-1: Foul Ball, location: 2F 0-2: Ball 1-2: Foul Ball, location: 2F 1-2: SINGLE (Line Drive, 9S, EV 107.5 MPH) Vic Rodriguez to third Emanuel Cortez to second Runner from 3rd tries for Home, SAFE, throw by RF to home
|
|
Batting: LHB Kent Hrbek
|
0-0: Ball 1-0: SINGLE (Line Drive, 89S, EV 103.8 MPH) Emanuel Cortez to third Willie Wilson to second Runner from 3rd tries for Home, SAFE, throw by RF to home
|
|
Batting: LHB George Kaage
|
0-0: Called Strike 0-1: Ball 1-1: Fly out, F8 (Line Drive, 8LD, EV 91.9 MPH)
|
| Top of the 5th over - 2 runs, 2 hits, 1 error, 2 left on base; New York 2 - Chicago 3 |
| BOTTOM OF THE 5TH |
|
Chicago White Sox batting - Pitching for New York Yankees : LHP Rick Honeycutt
|
|
Batting: RHB Jim Wynn
|
0-0: Fly out, F8 (Line Drive, 8LD, EV 89.4 MPH)
|
|
Batting: RHB Brian Harper
|
0-0: Ball 1-0: Swinging Strike 1-1: Swinging Strike 1-2: Ball 2-2: Ball 3-2: SINGLE (Groundball, 6M, EV 85.0 MPH) (infield hit)
|
|
Batting: SHB Ozzie Smith
|
0-0: Ball 1-0: Called Strike 1-1: Foul Ball, location: 2F 1-2: Ball 2-2: Foul Ball, location: 2F 2-2: Ball 3-2: SINGLE (Line Drive, 7LS, EV 104.4 MPH) Brian Harper to second
|
|
Batting: SHB Wayne Tolleson
|
0-0: Foul Ball, location: 2F 0-1: Grounds into double play, 6-4-3 (Groundball, 6, EV 85.6 MPH)
|
| Bottom of the 5th over - 0 runs, 2 hits, 0 errors, 1 left on base; New York 2 - Chicago 3 |
| TOP OF THE 6TH |
|
New York Yankees batting - Pitching for Chicago White Sox : RHP Pete Vuckovich
|
|
Batting: RHB David Hall
|
0-0: Fly out, F8 (Line Drive, 8LD, EV 97.5 MPH)
|
|
Batting: LHB Mario Cabrera
|
0-0: Foul Ball, location: 2F 0-1: Ball 1-1: Ball 2-1: DOUBLE (Flyball, 8RXD, EV 100.6 MPH)
|
|
Batting: RHB Vic Rodriguez
|
0-0: Ground out 6-3 (Groundball, 6, EV 92.5 MPH)
|
|
Batting: RHB Emanuel Cortez
|
0-0: Ball 1-0: Reached on error, E6 (Groundball, 6, EV 106.9 MPH) Mario Cabrera scores
|
|
Batting: LHB Tim Norrid
|
0-0: Ball 1-0: Ground out U3 (Groundball, 34, EV 99.4 MPH)
|
| Top of the 6th over - 1 run, 1 hit, 1 error, 1 left on base; New York 3 - Chicago 3 |
| BOTTOM OF THE 6TH |
|
Chicago White Sox batting - Pitching for New York Yankees : LHP Rick Honeycutt
|
|
Batting: RHB Mike Heath
|
0-0: Called Strike 0-1: Called Strike 0-2: Ball 1-2: Fly out, F7 (Line Drive, 7D, EV 93.1 MPH)
|
|
Batting: LHB Mitchell Page
|
0-0: Swinging Strike 0-1: Foul Ball, location: 2F 0-2: Ball 1-2: Foul Ball, location: 2F 1-2: Ball 2-2: SINGLE (Line Drive, 9S, EV 93.1 MPH)
|
|
Batting: RHB Kevin McReynolds
|
0-0: Fly out, F4 (Popup, 4D, EV 50.6 MPH)
|
|
Batting: RHB Tim Teufel
|
0-0: SINGLE (Line Drive, 3, EV 58.8 MPH) (infield hit) Mitchell Page to second
|
|
Batting: RHB Mike A Marshall
|
0-0: Ball 1-0: Called Strike 1-1: Ball 2-1: Ball 3-1: Swinging Strike 3-2: Foul Ball, location: 2F 3-2: SINGLE (Groundball, 6MD, EV 103.8 MPH) Mitchell Page to third Tim Teufel to second Mitchell Page scores Tim Teufel to third
|
|
Batting: RHB Jim Wynn
|
0-0: Ball 1-0: Foul Ball, location: 2F 1-1: Called Strike 1-2: Strikes out swinging
|
| Bottom of the 6th over - 1 run, 3 hits, 0 errors, 2 left on base; New York 3 - Chicago 4 |
| TOP OF THE 7TH |
|
New York Yankees batting - Pitching for Chicago White Sox : RHP Pete Vuckovich
|
|
Batting: SHB Tim Raines
|
0-0: Ball 1-0: Ball 2-0: Called Strike 2-1: Ground out 4-3 (Groundball, 4M, EV 79.4 MPH)
|
|
Batting: SHB Willie Wilson
|
0-0: Ground out U3 (Groundball, 3, EV 81.9 MPH)
|
|
Batting: LHB Kent Hrbek
|
0-0: Ball 1-0: Ball 2-0: Ball 3-0: Called Strike 3-1: Foul Ball, location: 2F 3-2: SINGLE (Groundball, 34D, EV 98.1 MPH)
|
|
Batting: LHB George Kaage
|
0-0: Called Strike 0-1: Ball 1-1: Ball 2-1: Foul Ball, location: 2F 2-2: SINGLE (Groundball, 34S, EV 85.0 MPH) (infield hit) Kent Hrbek to second
|
|
Batting: RHB David Hall
|
0-0: Called Strike 0-1: SINGLE (Groundball, 34D, EV 100.0 MPH) Kent Hrbek to third George Kaage to second Runner from 3rd tries for Home, SAFE, throw by RF to home George Kaage to third David Hall to second
|
|
Batting: LHB Mario Cabrera
|
0-0: Ball 1-0: Called Strike 1-1: Foul Ball, location: 2F 1-2: Fly out, F8 (Flyball, 8LXD, EV 88.8 MPH)
|
| Top of the 7th over - 1 run, 3 hits, 0 errors, 2 left on base; New York 4 - Chicago 4 |
| BOTTOM OF THE 7TH |
|
Chicago White Sox batting - Pitching for New York Yankees : LHP Rick Honeycutt
|
|
Batting: RHB Brian Harper
|
0-0: Called Strike 0-1: Ball 1-1: Swinging Strike 1-2: Foul Ball, location: 2F 1-2: Foul Ball, location: 2F 1-2: Ground out 5-3 (Groundball, 56, EV 89.4 MPH)
|
|
Batting: SHB Ozzie Smith
|
0-0: Ball 1-0: Swinging Strike 1-1: Ball 2-1: Called Strike 2-2: Ground out 6-3 (Groundball, 6, EV 96.9 MPH)
|
|
Batting: SHB Wayne Tolleson
|
0-0: Ball 1-0: Hit by Pitch
|
|
Pitching: RHP Silvio Martinez
|
|
|
Batting: RHB Mike Heath
|
0-0: Ball Wayne Tolleson steals 2nd base 1-0: Ball 2-0: Foul Ball, location: 2F 2-1: SINGLE (Line Drive, 8LS, EV 105.0 MPH) Wayne Tolleson to third Throwing error, E8 Wayne Tolleson scores Mike Heath to second
|
|
Batting: LHB Mitchell Page
|
0-0: Ground out 4-3 (Groundball, 4S, EV 83.8 MPH)
|
| Bottom of the 7th over - 1 run, 1 hit, 1 error, 1 left on base; New York 4 - Chicago 5 |
| TOP OF THE 8TH |
|
New York Yankees batting - Pitching for Chicago White Sox : RHP Pete Vuckovich
|
|
Batting: RHB Vic Rodriguez
|
0-0: Ball 1-0: Called Strike 1-1: Ball 2-1: Ground out 6-3 (Groundball, 6, EV 90.0 MPH)
|
|
Batting: RHB Emanuel Cortez
|
0-0: Foul Ball, location: 2F 0-1: Swinging Strike 0-2: Foul Ball, location: 2F 0-2: Ball 1-2: Ground out 6-3 (Groundball, 6, EV 76.9 MPH)
|
|
Batting: LHB Tim Norrid
|
0-0: Ball 1-0: SINGLE (Groundball, 25, EV 68.8 MPH) (infield hit)
|
|
Pitching: RHP Dickie Noles
|
|
|
Batting: SHB Tim Raines
|
0-0: Called Strike 0-1: Called Strike 0-2: Fly out, F8 (Line Drive, 8LD, EV 96.3 MPH)
|
| Top of the 8th over - 0 runs, 1 hit, 0 errors, 1 left on base; New York 4 - Chicago 5 |
| BOTTOM OF THE 8TH |
|
Chicago White Sox batting - Pitching for New York Yankees : RHP Silvio Martinez
|
|
Batting: RHB Kevin McReynolds
|
0-0: Fly out, F9 (Flyball, 9, EV 84.4 MPH)
|
|
Batting: RHB Tim Teufel
|
0-0: Ball 1-0: Foul Ball, location: 2F 1-1: Ball 2-1: Called Strike 2-2: Ball 3-2: Foul Ball, location: 2F 3-2: Strikes out looking
|
|
Pitching: RHP Camilo Aprgio
|
|
|
Batting: RHB Mike A Marshall
|
0-0: Ball 1-0: SINGLE (Groundball, 56D, EV 105.0 MPH) (infield hit)
|
|
Batting: RHB Jim Wynn
|
0-0: Ball 1-0: 2-RUN HOME RUN (Flyball, 7D, EV 110.0 MPH), Distance : 386 ft
|
|
Batting: RHB Brian Harper
|
0-0: SINGLE (Flyball, 9LS, EV 96.3 MPH)
|
|
Batting: SHB Ozzie Smith
|
0-0: Ball 1-0: Foul Ball, location: 2F 1-1: Foul Ball, location: 2F 1-2: Strikes out looking
|
| Bottom of the 8th over - 2 runs, 3 hits, 0 errors, 1 left on base; New York 4 - Chicago 7 |
| TOP OF THE 9TH |
|
New York Yankees batting - Pitching for Chicago White Sox : RHP Dickie Noles
|
|
Batting: SHB Willie Wilson
|
0-0: Ball 1-0: Foul Ball, location: 2F 1-1: Fly out, F9 (Flyball, 9D, EV 107.5 MPH)
|
|
Batting: LHB Kent Hrbek
|
0-0: Ball 1-0: Ball 2-0: Called Strike 2-1: Fly out, F8 (Flyball, 8LM, EV 81.9 MPH)
|
|
Batting: LHB George Kaage
|
0-0: Called Strike 0-1: Foul Ball, location: 2F 0-2: Foul Ball, location: 2F 0-2: Fly out, F8 (Flyball, 8LS, EV 88.1 MPH)
|
| Top of the 9th over - 0 runs, 0 hits, 0 errors, 0 left on base; New York 4 - Chicago 7 |
|